 Dungeon Crawl Stone Soup version 0.14-a0-2100-g3cf34dd (webtiles) character file.

454 Mitsuki the Covert (level 6, 0/28 HPs)
             Began as a Spriggan Enchanter on Jan 26, 2014.
             Engulfed by a cloud of freezing vapour (14 damage)
             ... on Level 5 of the Dungeon.
             The game lasted 00:17:20 (4209 turns).

Mitsuki the Covert (Spriggan Enchanter)             Turns: 4209, Time: 00:17:20

HP   0/28        AC  3     Str  6      XL: 6   Next:  1%
MP  17/17        EV 18     Int 16      God:
Gold 184         SH  0     Dex 17      Spells:  3 memorised,  4 levels left

rFire  . . .     SeeInvis +     a - +1 dwarf dagger
rCold  . . .     Clarity  .     b - +1 robe
rNeg   . . .     Conserve .     (shield restricted)
rPois  .         rCorr    .     (helmet restricted)
rElec  .         rRot     .     (no cloak)
SustAb . .       Spirit   .     (gloves unavailable)
rMut   .         Warding  .     (boots unavailable)
Saprov . . .     Stasis   .     (no amulet)
MR     +....                    (no ring)
                                (no ring)

@: very quick, somewhat resistant to hostile enchantments, very stealthy
A: unfitting armour, see invisible, herbivore 3, speed 3, slow metabolism 2
a: no special abilities


You were on level 5 of the Dungeon.
You were not hungry.

You visited 1 branch of the dungeon, and saw 5 of its levels.

You collected 184 gold pieces.

Inventory:

Hand weapons
 a - a +1,+1 dwarven dagger (weapon)
Missiles
 d - 12 darts (quivered)
 k - 4 needles of paralysis
 s - 19 poisoned needles
Armour
 b - a +1 robe (worn)
Magical devices
 t - a wand of polymorph (5)
 y - a wand of enslavement (10)
Comestibles
 p - 3 bread rations
 r - an apple
 w - a pear
 x - a royal jelly
Scrolls
 e - 2 scrolls of curse weapon {unknown}
 f - 5 scrolls of identify {unknown}
 g - 3 scrolls of enchant weapon II {unknown}
 h - 6 scrolls of remove curse {unknown}
 i - 2 scrolls of magic mapping {unknown}
 j - 2 scrolls of curse armour {unknown}
 l - 6 scrolls of teleportation {unknown}
 m - 2 scrolls of random uselessness {unknown}
 o - a scroll of enchant weapon I {unknown}
 u - a scroll of immolation {unknown}
Jewellery
 q - an uncursed ring of flight {unknown}
Potions
 n - 2 potions of curing
 v - a potion of brilliance
 z - 2 potions of flight
Books
 c - a book of Maledictions

   Spells                             Type                      Level
   *Corona                            Hexes                        1
   Sure Blade                         Hexes/Charms                 2
   *Ensorcelled Hibernation           Hexes/Ice                    2
   *Confuse                           Hexes                        3
   Enslavement                        Hexes                        4
   Invisibility                       Hexes                        6


   Skills:
 - Level 1.1 Short Blades
 - Level 1.1 Throwing
 - Level 3.0 Dodging
 + Level 8.0 Stealth
 - Level 2.6 Spellcasting
 + Level 5.7 Hexes


You had 4 spell levels left.
You knew the following spells:

 Your Spells              Type           Power        Failure   Level  Hunger
a - Ensorcelled Hibernat  Hex/Ice        ##....       10%         2    ##.....
b - Confuse               Hex            ###.....     8%          3    ###....
o - Corona                Hex            ###....      1%          1    #......


Dungeon Overview and Level Annotations

Branches:
Dungeon (5/16)
 Temple: D:4-7

Altars:
Elyvilon
Vehumet

Annotations:
D:4 1 exclusion, Edmund, Eustachio
D:5 Menkaure


Innate Abilities, Weirdness & Mutations

You are tiny and cannot use many weapons and most armour.
You have supernaturally acute eyesight.
You are a herbivore.
You cover ground extremely quickly.
You need consume almost no food.


Message History

You hit the kobold zombie.
You destroy the kobold zombie!
You see here a giant gecko corpse.
p - 3 bread rations (gained 1)
You start resting.
Magic restored.
You see here a giant gecko corpse.
Found a white marble altar of Elyvilon.
Found 2 potions of flight.
You open the door.
There is an open door here.
There is an open door here.
z - 2 potions of flight Really walk into a travel-excluded area?
There is an open door here.
You are engulfed in freezing vapours.
Ouch! That really hurt!
You are engulfed in freezing vapours.
Ouch! That really hurt!
You die...

###################
#..§§§§§§§@§§§§§§§§
#8'8###############
##................
##.############..
#.#.............
#.#.#.#.#.#.#.#.#
#.#.............#
#.#...⌠.....⌠...###
#........_........


There were no monsters in sight!

Vanquished Creatures
  Blork the orc (D:4)
  A jelly (D:4)
  A hound (D:4)
  An iguana (D:4)
  2 adders
  A worm (D:2)
  An orc skeleton (D:3)
  A giant eyeball (D:4)
  2 giant geckos
  3 orcs (D:4)
  5 giant cockroaches
  11 hobgoblins
  12 jackals
  2 quokkas (D:4)
  2 ball pythons
  12 bats
  5 giant newts
  A gnoll skeleton (D:4)
  8 goblins
  7 kobolds
  A kobold zombie (D:5)
  5 rats
85 creatures vanquished.

Vanquished Creatures (others)
  The ghost of Jenx the Quickloader, an experienced KoHu of Nemelex Xobeh (D:5)
1 creature vanquished.

Grand Total: 86 creatures vanquished

Notes
Turn   | Place    | Note
--------------------------------------------------------------
     0 | D:1      | Mitsuki, the Spriggan Enchanter, began the quest for the Orb.
     0 | D:1      | Reached XP level 1. HP: 9/9 MP: 4/4
   181 | D:1      | Reached skill level 4 in Hexes
   330 | D:1      | Reached XP level 2. HP: 13/13 MP: 7/7
   334 | D:1      | Learned a level 2 spell: Ensorcelled Hibernation
   869 | D:2      | Found a radiant altar of Vehumet.
  1004 | D:2      | Reached XP level 3. HP: 16/16 MP: 9/9
  1052 | D:2      | Learned a level 3 spell: Confuse
  1196 | D:2      | Reached skill level 5 in Stealth
  2380 | D:3      | Reached XP level 4. HP: 21/21 MP: 12/12
  3086 | D:4      | Reached skill level 6 in Stealth
  3086 | D:4      | Reached skill level 5 in Hexes
  3466 | D:4      | Reached XP level 5. HP: 22/24 MP: 11/14
  3593 | D:4      | Reached skill level 7 in Stealth
  3629 | D:4      | Noticed Blork the orc
  3641 | D:4      | Killed Blork the orc
  3641 | D:4      | Reached skill level 8 in Stealth
  3722 | D:4      | Noticed Eustachio
  3756 | D:4      | Paralysed by a giant eyeball for 3 turns
  3880 | D:4      | Reached XP level 6. HP: 23/28 MP: 8/17
  4028 | D:4      | Noticed Edmund
  4083 | D:5      | Entered Level 5 of the Dungeon
  4089 | D:5      | Killed Jenx's ghost
  4095 | D:5      | Noticed Menkaure
  4156 | D:5      | Found a white marble altar of Elyvilon.
  4209 | D:5      | Engulfed by a cloud of freezing vapour

Action                   |  1- 3 |  4- 6 || total
-------------------------+-------+-------++-------
Melee: Dagger            |    90 |    66 ||   156
 Cast: Ensorcelled Hiber |    29 |    39 ||    68
       Confuse           |       |     5 ||     5
Evoke: Wand              |       |     3 ||     3
  Use: Potion            |     7 |     3 ||    10
 Stab: Sleeping          |    34 |    31 ||    65
       Distracted        |     1 |       ||     1
       Betrayed ally     |       |     2 ||     2
       Confused          |       |     1 ||     1
